AoeStats
← Nico Tinho

Arabia

510085880Analyzed
4v4 RM · 4d ago on Sep 29, 2026· 29m 0s· 8 players
Game mode
Random Map
Map size
Large (8 player)
Population
200
Speed
Normal
Resources
Standard
Victory
Conquest
Starting age
Dark Age
Ending age
Imperial Age
RankedLock teamsTeams togetherTeam positionsShared explorationLock speedFull tech treeHidden civsTurbo modeCheats
Victory
Defeat
🇮🇳 Chinese · India
1057
+9
🇮🇳 Byzantines · India
946
+13
🇮🇳 Maya · India
937
+13
🇨🇦 Franks · Canada
859
+15
🇦🇷 Franks · Argentina
891
-14
🇳🇱 Georgians · Netherlands
886
-13
🇵🇷 Persians · Puerto Rico
870
-12
🇨🇱 Britons · Chile
845
-11
Nico Tinho
11:56 Feudal Age
10:13 Loom
13:32 Horse Collar
16:45 Castle Age
18:39 Forging
18:35 Scale Barding Armor
24:17 Bloodlines
24:08 Husbandry
yamir0000
5:09 Loom
14:09 Feudal Age
16:34 Wheelbarrow
16:32 Fletching
16:43 Padded Archer Armor
21:20 Castle Age
22:18 Stone Mining
22:18 Gold Mining
22:40 Double-Bit Axe
27:01 Elite Skirmisher
MaxiiSopaipilla
10:29 Feudal Age
11:08 Town Watch
16:31 Gold Mining
17:20 Wheelbarrow
18:22 Double-Bit Axe
19:28 Fletching
19:37 Fletching
19:47 Padded Archer Armor
19:25 Man-at-Arms
23:19 Loom
27:05 Castle Age
28:18 Elite Skirmisher
白馬义从
0:36 Loom
11:12 Feudal Age
13:56 Double-Bit Axe
road to random K
0:32 Loom
12:37 Feudal Age
16:46 Castle Age
15:04 Double-Bit Axe
17:42 Husbandry
20:35 Wheelbarrow
22:59 Forging
22:55 Scale Barding Armor
24:18 Wheelbarrow
Nonails
0:26 Loom
9:22 Feudal Age
9:53 Double-Bit Axe
12:17 Fletching
12:50 Town Watch
19:27 Wheelbarrow
22:31 Castle Age
23:06 Gold Mining
23:19 Bodkin Arrow
22:50 Crossbowman
24:23 Thumb Ring
25:11 Ballistics
25:43 Padded Archer Armor
26:57 Thumb Ring
Vadok
0:27 Loom
10:59 Feudal Age
13:21 Scale Mail Armor
13:32 Forging
14:59 Double-Bit Axe
21:37 Arson
24:02 Castle Age
25:33 Iron Casting
25:17 Chain Mail Armor
26:24 Squires
26:16 Eagle Warrior
27:30 Bow Saw
28:13 Iron Casting
SinisterIssue
6:39 Loom
11:44 Feudal Age
12:48 Double-Bit Axe
12:49 Horse Collar
18:39 Fletching
18:50 Padded Archer Armor
23:43 Castle Age
23:02 Forging
22:54 Scale Mail Armor
23:54 Crossbowman
25:03 Pikeman
26:57 Ballistics
26:55 Bodkin Arrow
27:16 Leather Archer Armor
27:21 Gambesons
27:37 Squires
28:32 Iron Casting
Connection lost

Rejoining the realm…

Still unreachable

The connection could not be restored.

Session expired

The server has moved on; the page needs a fresh start.